 Dungeon Crawl Stone Soup version 0.20.0-6-gd3061e9 (webtiles) character file.

375 Larmestyx the Sneak (level 6, -2/30 HPs)
             Began as a Vine Stalker Enchanter on May 28, 2017.
             Splashed by a jelly's acid (5 damage)
             ... on level 4 of the Dungeon.
             The game lasted 00:48:46 (3671 turns).

Larmestyx the Sneak (Vine Stalker Enchanter)        Turns: 3671, Time: 00:48:47

Health: -2/30      AC: -6    Str: 11    XL:     6   Next: 72%
Magic:  0/11       EV: 16    Int: 15    God:
Gold:   248        SH:  0    Dex: 21    Spells: 4/10 levels left

rFire    . . .     SeeInvis .   a - +2 dagger
rCold    . . .     Gourm    .   (no shield)
rNeg     . . .     Faith    .   b - +0 robe
rPois    .         Spirit   +   (no helmet)
rElec    .         Reflect  .   (no cloak)
rCorr    .         Harm     .   (no gloves)
MR       .....                  (no boots)
Stlth    +++.......             q - amulet of rage
Regen    0.5/turn               f - +3 ring of evasion
MPRegen  0.2/turn               x - +5 ring of dexterity

@: corroded
A: fangs 2, regeneration 1, magic shield, antimagic bite, no potion heal 3, rot
immunity
a: Evoke Berserk Rage


You were on level 4 of the Dungeon.
You were not hungry.

You visited 1 branch of the dungeon, and saw 4 of its levels.

You collected 248 gold pieces.

Inventory:

Hand Weapons
 a - a +2 dagger (weapon)
 m - a +0 dagger of venom
 z - a +0 blowgun
 B - a +0 blowgun
Missiles
 A - 14 poisoned needles
Armour
 b - a +0 robe (worn)
Jewellery
 f - a +3 ring of evasion (left hand)
 o - an uncursed ring of resist corrosion
 q - an amulet of rage (around neck)
 x - a +5 ring of dexterity (right hand)
Scrolls
 g - 2 scrolls of teleportation {unknown}
 k - 4 scrolls of enchant weapon
 s - 3 scrolls of identify
 t - 2 scrolls of remove curse {unknown}
 y - 4 scrolls of recharging {unknown}
Potions
 e - a potion of berserk rage {unknown}
 h - a potion of flight {unknown}
 i - 4 potions of curing {unknown}
 j - a potion of mutation {unknown}
 l - a potion of cancellation {unknown}
 n - a potion of invisibility {unknown}
 p - a potion of haste {unknown}
 r - a potion of agility {unknown}
 v - 3 potions of lignification {unknown}
Books
 c - a book of Maledictions

   Spells                             Type                      Level
   a - Corona                         Hexes                        1
   b - Ensorcelled Hibernation        Hexes/Ice                    2
   c - Confuse                        Hexes                        3
   d - Tukima's Dance                 Hexes                        3
   e - Dazzling Spray                 Conjuration/Hexes            3
Comestibles
 d - 3 bread rations
 u - a fruit
 w - a royal jelly


   Skills:
 + Level 1.5 Fighting
 * Level 4.0 Short Blades
 + Level 2.2 Dodging
 + Level 5.2 Stealth
 + Level 2.7 Spellcasting
 + Level 3.5 Hexes
 + Level 0.4 Ice Magic


You had 4 spell levels left.
You knew the following spells:

 Your Spells              Type           Power        Failure   Level  Hunger
a - Corona                Hex            ##.....      4%          1    #......
b - Ensorcelled Hibernat  Hex/Ice        #.....       14%         2    ##.....
c - Confuse               Hex            ##......     14%         3    ###....


Dungeon Overview and Level Annotations

Branches:
Dungeon (4/15)
 Temple: D:4-7

Altars:
Ru

Annotations:
D:2 1 runed door
D:3 Sigmund


Innate Abilities, Weirdness & Mutations

You have extremely sharp teeth.
Your natural rate of healing is unusually fast.
When hurt, damage is shared between your health and your magic reserves.
Your bite disrupts and absorbs the magic of your enemies.
Potions cannot restore your health.
You are immune to rotting.


Message History

The jelly is heavily wounded.
The jelly barely misses you.
You hit the jelly but do no damage.
Your hands burn!
The jelly is heavily wounded.
You hit the jelly but do no damage. The acid corrodes you!
Your hands burn!
You bite the jelly, but do no damage.
The jelly is heavily wounded.
The jelly barely misses you.
You hit the jelly but do no damage.
Your hands burn!
You bite the jelly, but do no damage.
The jelly is heavily wounded.
The jelly hits you.
You are splashed with acid!
The acid burns!
* * * LOW HITPOINT WARNING * * *
You hit the jelly but do no damage.
Your hands burn!
* * * LOW HITPOINT WARNING * * *
You bite the jelly. You drain its power.
You feel invigorated.
The jelly is severely wounded.
The jelly closely misses you. The jelly hits you.
You are splashed with acid!
The acid burns!
You die...

#...†..............
#..................
#>.................
##.................
#.................
#.................
#.................
#...).............
#@................
#.J.........<.....
#...........(.....
#....P............
#.......P.........
#.................
#.(....###.#.#.###
####.....###†...#.#
#(.......###)####.#


You could see a jelly.

Vanquished Creatures
  2 jellies (D:4)
  2 iguanas (D:4)
  A hound zombie (D:4)
  A hound skeleton (D:4)
  2 howler monkey zombies (D:4)
  A worker ant zombie (D:4)
  5 adders
  9 oozes
  An adder skeleton (D:4)
  2 adder zombies (D:4)
  3 worms (D:2)
  4 dart slugs
  A leopard gecko (D:1)
  3 orcs (D:3)
  7 bats
  3 giant cockroaches
  5 goblins
  6 hobgoblins
  8 jackals
  17 kobolds
  3 quokkas
  2 ball pythons (D:2)
  A ball python skeleton (D:4)
  3 frilled lizards
  3 giant cockroach zombies (D:4)
  2 jackal zombies
  9 rats
106 creatures vanquished.

Vanquished Creatures (others)
  7 toadstools (D:4)
7 creatures vanquished.

Grand Total: 113 creatures vanquished

Notes
Turn   | Place    | Note
-------+----------+-------------------------------------------
     0 | D:1      | Larmestyx the Vine Stalker Enchanter began the quest for the Orb.
     0 | D:1      | Reached XP level 1. HP: 9/9 MP: 4/4
    13 | D:1      | Reached skill level 1 in Short Blades
    22 | D:1      | Reached XP level 2. HP: 12/13 MP: 6/6
   570 | D:1      | Reached XP level 3. HP: 10/16 MP: 3/7
  1230 | D:2      | Learned a level 2 spell: Ensorcelled Hibernation
  1334 | D:2      | Learned a level 3 spell: Confuse
  1524 | D:2      | Found a runed door.
  1567 | D:2      | Reached skill level 4 in Stealth
  1567 | D:2      | Gained mutation: Your natural rate of healing is unusually fast. [Vine Stalker growth]
  1567 | D:2      | Reached XP level 4. HP: 19/21 MP: 8/8
  2136 | D:3      | Reached XP level 5. HP: 25/25 MP: 6/9
  2221 | D:3      | Noticed Sigmund
  2599 | D:3      | Found a sacrificial altar of Ru.
  3060 | D:4      | Reached skill level 1 in Fighting
  3138 | D:4      | Noticed an ogre
  3298 | D:4      | Reached XP level 6. HP: 27/30 MP: 11/11
  3355 | D:4      | Reached skill level 5 in Stealth
  3671 | D:4      | Splashed by a jelly's acid

Skill      XL: |  1  2  3  4  5  6 |
---------------+-------------------+-----
Short Blades   | 1 2 3 4 |  4.0
Stealth        | 4 5 |  5.2
Fighting       | 1 |  1.5
Dodging        | 2 |  2.2
Spellcasting   | |  2.7
Hexes          | |  3.5
Ice Magic      | |  0.4

Action                   |  1- 3 |  4- 6 || total
-------------------------+-------+-------++-------
Melee: Dagger            |   113 |   260 ||   373
       Bite              |    29 |    79 ||   108
 Cast: Ensorcelled Hiber |     2 |     8 ||    10
       Confuse           |       |     1 ||     1
  Use: Scroll            |       |     2 ||     2
 Stab: Sleeping          |     3 |    20 ||    23
  Eat: Chunk             |     2 |     6 ||     8
       Fruit             |       |     2 ||     2
Armor: Robe              |    20 |    11 ||    31
Dodge: Dodged            |    74 |   132 ||   206
